 Dungeon Crawl Stone Soup version 0.32-a0-685-g93135e86f0 (webtiles) character file.

Game seed: 7565872128147851777

37 Sabo the Charlatan (level 3, -3/26 HPs)
             Began as a Coglin Artificer on Mar 12, 2024.
             Slain by Jessica
             ... wielding a +0 dagger
              (5 damage)
             ... on level 2 of the Dungeon.
             The game lasted 00:08:06 (1440 turns).

Sabo the Charlatan (Coglin Artificer)               Turns: 1440, Time: 00:08:07

Health: -3/26      AC:  9    Str: 14    XL:     3   Next: 41%
Magic:  3/3        EV:  9    Int: 10    God:
Gold:   799        SH:  0    Dex: 14    Spells: 2/2 levels left

rFire   . . .        f - +0 short sword {Daeho}
rCold   . . .        m - +1 dagger (elec) {Hidetaka}
rNeg    . . .        k - +0 scale mail
rPois   .            (no helmet)
rElec   .            (no cloak)
rCorr   .            (no gloves)
SInv    .            l - +2 pair of boots {rampage}
Will    .....        (amulet unavailable) Stlth
                     (ring unavailable)
HPRegen 0.24/turn    (ring unavailable)
MPRegen 0.08/turn    (no gizmo)

%: rampage
@: revved
A: off-hand wielding, slow wielding, warmup strikes, no jewellery
a: Invent Gizmo


You were on level 2 of the Dungeon.
You visited 1 branch of the dungeon, and saw 2 of its levels.

You collected 799 gold pieces.

Inventory:

Hand Weapons
 f - a +0 short sword (weapon) {Daeho}
 m - a +1 dagger of electrocution (offhand) {Hidetaka}
Armour
 k - a +0 scale mail (worn)
 l - a +2 pair of boots of rampaging (worn)
Wands
 c - a wand of flame (38) (quivered)
 d - a wand of charming (15)
 e - a wand of iceblast (5)
Scrolls
 g - a scroll of revelation {unknown}
 i - a scroll of brand weapon {unknown}
 n - a scroll of identify {unknown}
Potions
 a - a potion of enlightenment {unknown}
 b - a potion of attraction {unknown}
 j - a potion of cancellation {unknown}


   Skills:
 + Level 1.2 Fighting
 + Level 1.0 Short Blades
 + Level 0.5 Maces & Flails
 + Level 2.0 Armour
 + Level 1.1 Dodging
 + Level 0.8 Stealth
 + Level 4.7 Evocations


You had 2 spell levels left.
You didn't know any spells.
Your spell library contained the following spells:

 Spells                   Type           Power      Damage    Failure   Level
 Magic Dart               Conj           0%         1d3       85%         1
 Blink                    Tloc           0%         N/A       94%         2
 Call Imp                 Summ           0%         N/A       94%         2


Dungeon Overview and Level Annotations

Branches:
Dungeon (2/15)

Altars:

Annotations:
D:2 Jessica, Natasha, Terence


Innate Abilities, Weirdness & Mutations

You can wield a second weapon in your off-hand.
It takes a long time for you to wield or remove held weapons.
Your first few attacks do less damage.
You cannot equip rings or amulets.


Message History

You hit Terence with your +1 dagger of electrocution.
Lightning courses through Terence! The bat hits you but does no damage.
Jessica gestures at you while chanting. Pain shoots through your body!
You rampage towards Jessica!
You barely miss Jessica with your +1 dagger of electrocution.
You hit Jessica with your +0 short sword.
The bat barely misses you. Terence hits you with a +0 hand axe.
Jessica hits you but does no damage.
Natasha, Servant of Life and Death comes into view.
You closely miss Jessica with your +1 dagger of electrocution.
Jessica is lightly wounded.
You closely miss Jessica with your +0 short sword.
The bat hits you but does no damage. Jessica hits you but does no damage.
Terence hits you with a +0 hand axe.
You closely miss Jessica with your +0 short sword.
Jessica is lightly wounded.
You hit Jessica with your +1 dagger of electrocution.
The bat hits you but does no damage. Terence hits you with a +0 hand axe.
* * * LOW HITPOINT WARNING * * *
Jessica closely misses you.
You closely miss Jessica with your +0 short sword.
Jessica is moderately wounded.
You hit Jessica with your +1 dagger of electrocution.
The bat barely misses you. Terence barely misses you.
Jessica hits you with a +0 dagger.
* * * LOW HITPOINT WARNING * * *
You hit Jessica with your +0 short sword.
Jessica is heavily wounded.
You hit Jessica but do no damage. Jessica hits you but does no damage.
Terence barely misses you. Natasha casts a spell at you.
The magic dart hits you.
* * * LOW HITPOINT WARNING * * *
The bat barely misses you.
You hit Jessica but do no damage.
Jessica is heavily wounded.
You closely miss Jessica with your +1 dagger of electrocution.
The bat hits you but does no damage. Jessica hits you with a +0 dagger.
You die...

........#
........#.##.#..[......#
....................#..#
.......###.#.#..........
.......# #.#.#..........
.......# #.#.#..........
...##### #...##..b.!#...
..########..#.....[.....
................@@....#
...#######..#..@......#
...# #..####........
...# ##.# .h.###### ...#
### ...# ..## ..>.# .##
....# ## #....#


You could see Terence, Natasha, Jessica and a bat.

Vanquished Creatures
  A dart slug (D:1)
  5 ball pythons
  2 endoplasms (D:1)
  3 giant cockroaches (D:1)
  3 goblins (D:2)
  A hobgoblin (D:1)
  2 jackals (D:1)
  3 kobolds
  2 quokkas (D:1)
  4 bats (D:1)
  2 frilled lizards
  4 rats
32 creatures vanquished.

Notes
Turn   | Place    | Note
-------+----------+-------------------------------------------
     0 | D:1      | Sabo the Coglin Artificer began the quest for the Orb.
     0 | D:1      | Reached XP level 1. HP: 15/15 MP: 1/1
   148 | D:1      | Reached XP level 2. HP: 18/21 MP: 2/2
   252 | D:1      | Reached skill level 1 in Dodging
   720 | D:1      | Reached XP level 3. HP: 26/26 MP: 3/3
  1071 | D:1      | Reached skill level 1 in Short Blades
  1193 | D:1      | Identified 2 scrolls of acquirement
  1193 | D:1      | Acquired a +2 pair of boots of rampaging
  1247 | D:2      | Acquired 664 gold pieces
  1431 | D:2      | Noticed Terence
  1432 | D:2      | Noticed Jessica
  1435 | D:2      | Noticed Natasha
  1440 | D:2      | Slain by Jessica

Illustrated notes

Levels and vault maps discovered:
D:1:      eino_arrival_cavern_d, layout_basic, st_stairs_12
D:2:      layout_rooms, grunt_decor_mini_mirrors, uniq_natasha, uniq_terence,
          uniq_jessica, uniq_crazy_yiuf_cottage

Skill      XL: |  1  2  3 |
---------------+----------+-----
Dodging        | 1 |  1.1
Armour         | 2 |  2.0
Short Blades   | 1 |  1.0
Fighting       | |  1.2
Maces & Flails | |  0.5
Stealth        | |  0.8
Evocations     | |  4.7

Action                     || total
---------------------------++-------
  Melee: Dagger            ||    81
         Club              ||    65
         Short sword       ||    16
    Use: Scroll            ||     2
 Armour: Leather armour    ||    21
         Ring mail         ||    19
         Scale mail        ||    23
         Skin              ||     5
  Dodge: Dodged            ||    49

Table legend: (Time is in decaauts)
 A = Elapsed time spent in this place.
 B = Non-inter-level travel time spent in this place.
 C = Inter-level travel time spent in this place.
 D = Time resting spent in this place.
 E = Time spent auto-exploring this place.
 F = Levels seen in this place.
 G = Mean time per level.
                   A        B        C        D        E       F      G
               +--------+--------+--------+--------+--------+-----+--------+
         Total |   1448 |   1448 |      0 |    173 |      0 |   2 |  724.0 |
       Dungeon |   1448 |   1448 |      0 |    173 |      0 |   2 |  724.0 |
               +--------+--------+--------+--------+--------+-----+--------+

Top non-repeatable levels by time:
     D:1: 1215 daAuts
     D:2: 233 daAuts
